 Dungeon Crawl Stone Soup version 0.20-a0-1126-g0f15420 (webtiles) character file.

4719 mopl the Quickloader (level 10, -30/76 HPs)
             Began as a Demonspawn Wanderer on May 17, 2017.
             Was an Elder of Okawaru.
             Annihilated by an orc warlord
             ... wielding a +2 long sword of holy wrath
              (39 damage)
             ... in a bailey.
             The game lasted 00:17:34 (6301 turns).

mopl the Quickloader (Demonspawn Wanderer)          Turns: 6301, Time: 00:17:35

Health: -30/76     AC: 11    Str: 16    XL:     10   Next: 22%
Magic:  9/11       EV: 18    Int: 12    God:    Okawaru [****..]
Gold:   393        SH:  2    Dex: 16    Spells: 9/9 levels left

rFire    . . .     SeeInvis +   a - +9 heavy crossbow "Sniper" {velocity, Acc+∞ SInv}
rCold    . . .     Gourm    .   (shield currently unavailable)
rNeg     . . .     Faith    .   y - +0 troll leather armour {Purgy}
rPois    .         Spirit   .   n - +1 helmet
rElec    .         Reflect  +   (no cloak)
rCorr    .         Harm     .   s - +0 pair of gloves
MR       .....                  F - +0 pair of boots
Stlth    ++++......             x - +2 amulet of reflection
Regen    0.7/turn               Q - +2 ring of dexterity
MPRegen  0.2/turn               (no ring)

@: heroism
A: claws 1, repulsion field 2, nightstalker 1
a: Heroism, Renounce Religion


You were in a bailey.
You worshipped Okawaru.
Okawaru was greatly pleased with you.
You were not hungry.

You visited 1 branch of the dungeon, and saw 8 of its levels.
You also visited: Sewer and Bailey.

You collected 393 gold pieces.

Inventory:

Hand Weapons
 a - the +9 heavy crossbow "Sniper" (weapon) {velocity, Acc+∞ SInv}
   (You found it in a sewer)

   Any bolt fired from it inflicts extra damage.
   It lets you see invisible.
 b - a +0 war axe
 K - a +1 hand axe of flaming
 O - a +0 blowgun
 R - a +0 arbalest
Missiles
 l - 10 tomahawks
 p - 57 poisoned needles
 B - 90 bolts (quivered)
 C - a throwing net
 I - 8 javelins
Armour
 k - a +0 plate armour
 n - a +1 helmet (worn)
 s - a +0 pair of gloves (worn)
 y - a +0 troll leather armour (worn) {Purgy}
 F - a +0 pair of boots (worn)
 H - a +1 scale mail of fire resistance
 T - a +0 ring mail of magic resistance
Magical Staves
 w - an uncursed staff of wizardry {!a}
Jewellery
 x - a +2 amulet of reflection (around neck)
 Q - a +2 ring of dexterity (left hand)
Wands
 r - a wand of disintegration (9/24)
 D - a wand of enslavement (14/24)
 N - a wand of iceblast (8/15)
Scrolls
 c - 3 scrolls of enchant weapon
 g - 6 scrolls of teleportation
 j - 5 scrolls of remove curse
 m - a scroll of fog {unknown}
 o - 3 scrolls of fear {unknown}
 G - a scroll of enchant armour
 J - 2 scrolls of blinking {unknown}
Potions
 d - 2 potions of lignification {!q}
 e - 3 potions of curing
 h - a potion of cancellation
 q - a potion of brilliance
 t - a potion of ambrosia
 v - a potion of resistance {unknown}
 z - a potion of mutation {unknown}
 A - a potion of degeneration {unknown}
 E - 6 potions of might {unknown}
 M - a potion of heal wounds
 P - 3 potions of agility {unknown}
Comestibles
 f - 6 bread rations
 i - 3 meat rations
 u - 6 fruits
 S - 11 chunks of flesh


   Skills:
 + Level 6.2(11.2) Fighting
 - Level 6.9(11.9) Axes
   Level 2.6(7.6) Bows
 * Level 8.5(13.5) Crossbows
 - Level 1.0(6.0) Throwing
 + Level 6.8(11.8) Armour
 + Level 1.3 Invocations
 - Level 1.0 Evocations


You had 9 spell levels left.
You didn't know any spells.

Dungeon Overview and Level Annotations

Branches:
Dungeon (8/15)             Temple (0/1) D:7            Lair (0/6) D:8

Altars:
Cheibriados
Dithmenos
Elyvilon
Hepliaklqana
Makhleb
Nemelex Xobeh
Okawaru
Qazlal
Ru
Sif Muna
Vehumet
Yredelemnul
Zin

Annotations:
D:8 Grum


Innate Abilities, Weirdness & Mutations

You have sharp fingernails.
You are surrounded by a moderate repulsion field. (EV +3)
You are slightly more attuned to the shadows.


Message History

You feel like a meek peon again.
The orc warlord no longer looks unusually strong.
The orc knight roars a battlecry!
The orc warlord goes into a battle-frenzy!
There is an open door, spattered with blood here.
Items here: ))))))) [[[[[[[ Unknown command.
Okay, then.
Okay, then.
You gain the combat prowess of a mighty hero.
Firing (i - inventory. (,) - cycle):
B - 91 bolts (quivered)
Press: ? - help, Shift-Dir - straight line, f/p - orc warlord
Aim: an orc warlord, wielding a long sword of holy wrath and wearing a chain mail (lightly wounded, unusually strong)
You shoot a bolt. The bolt hits the orc warlord!!
The orc warlord is moderately wounded.
The orc warlord hits you with a long sword of holy wrath!!
* * * LOW HITPOINT WARNING * * *
You convulse!!!
Ouch! That really hurt!
You die...

♣♣........♣
♣##'''##♣♣ ##.....##
#.......#
##.......##
#.........#
##....))...##
#.....⌠.....#######
##..).....@##.....##
+........)o.......#
##.......##.......##
#.......#go.......#
##.....##.og......##
#######.....⌠.....#
##...).....##
#.))).....#
##.......##


You could see an orc warlord, an orc knight and a goblin.

Vanquished Creatures
  An unseen horror (D:8)
  An orc knight (Bailey)
  Joseph (D:7)
  Prince Ribbit (D:5)
  The ghost of Lochraine the Shield-Bearer, an amateur VSFi (D:4)
  Purgy (D:3)
  A sky beast (D:7)
  5 orc warriors
  2 phantoms
  2 black bears (D:7)
  An ogre (D:6)
  2 wolves (D:8)
  2 centaurs
  A crocodile (Sewer)
  A big kobold (D:7)
  3 bullfrogs
  2 scorpions
  A wyvern skeleton (D:8)
  2 howler monkeys
  An electric eel (D:8)
  4 crimson imps
  A centaur zombie (D:7)
  2 hounds
  6 orc priests
  8 orc wizards
  An iguana (D:7)
  5 worker ants
  A killer bee zombie (D:7)
  A mummy (D:7)
  A worker ant zombie (D:6)
  7 gnolls
  9 adders
  A shadow imp (D:5)
  2 oozes
  2 adder skeletons (D:8)
  4 worms
  7 leopard geckos
  33 orcs
  7 giant cockroaches
  20 goblins
  23 hobgoblins
  6 jackals
  6 quokkas
  7 ball pythons
  8 bats
  8 frilled lizards
  22 kobolds
  A leopard gecko zombie (D:5)
  A quokka zombie (D:5)
  7 rats
243 creatures vanquished.

Notes
Turn   | Place    | Note
-------+----------+-------------------------------------------
     0 | D:1      | mopl the Demonspawn Wanderer began the quest for the Orb.
     0 | D:1      | mopl set off with: a +2 hand axe, a +0 ring mail, a +0 shortbow, 20 arrows, a bread ration
     0 | D:1      | Reached XP level 1. HP: 13/13 MP: 1/1
    27 | D:1      | Gained mutation: You are surrounded by a mild repulsion field. (EV +2) [demonic ancestry]
    27 | D:1      | Reached XP level 2. HP: 13/19 MP: 2/2
    28 | D:1      | Reached skill level 2 in Axes
   315 | D:1      | Reached XP level 3. HP: 22/24 MP: 3/3
   659 | D:1      | Reached skill level 3 in Axes
  1231 | D:2      | Gained mutation: You are slightly more attuned to the shadows. [demonic ancestry]
  1231 | D:2      | Reached XP level 4. HP: 22/30 MP: 4/4
  1576 | D:2      | Reached skill level 4 in Axes
  1817 | D:2      | Found a glowing silver altar of Zin.
  1817 | D:2      | Found a shadowy altar of Dithmenos.
  1974 | D:3      | Found a faded altar of an unknown god.
  1992 | D:3      | Found an iron altar of Okawaru.
  2122 | D:3      | Noticed Purgy
  2148 | D:3      | Killed Purgy
  2148 | D:3      | Reached skill level 5 in Axes
  2148 | D:3      | Reached XP level 5. HP: 21/35 MP: 5/5
  2296 | D:4      | Noticed Lochraine's ghost (amateur VSFi)
  2402 | D:4      | Found a glowing drain.
  2431 | D:4      | Reached XP level 6. HP: 27/41 MP: 6/6
  2440 | D:4      | Killed Lochraine's ghost
  2440 | D:4      | Reached skill level 6 in Axes
  2466 | Sewer    | Entered a sewer
  2608 | D:4      | Gained mutation: You are surrounded by a moderate repulsion field. (EV +3) [demonic ancestry]
  2608 | D:4      | Reached XP level 7. HP: 37/46 MP: 7/7
  2822 | D:3      | Reached skill level 1 in Crossbows
  2856 | D:3      | Became a worshipper of Warmaster Okawaru
  3348 | D:4      | Reached skill level 2 in Crossbows
  3382 | D:4      | Reached skill level 1 in Fighting
  3412 | D:4      | Reached skill level 4 in Armour
  3498 | D:5      | Entered Level 5 of the Dungeon
  3527 | D:5      | Found a basalt altar of Yredelemnul.
  3739 | D:5      | Reached skill level 3 in Crossbows
  3746 | D:5      | Noticed Prince Ribbit
  3749 | D:5      | Killed Prince Ribbit
  3749 | D:5      | Reached * piety under Okawaru
  3749 | D:5      | Reached skill level 2 in Fighting
  3749 | D:5      | Reached XP level 8. HP: 36/57 MP: 8/8
  3757 | D:5      | Found a glowing silver altar of Zin.
  3855 | D:5      | Found a deep blue altar of Sif Muna.
  4033 | D:5      | Found a white marble altar of Elyvilon.
  4127 | D:5      | Reached skill level 4 in Crossbows
  4275 | D:6      | Reached skill level 3 in Fighting
  4704 | D:6      | Reached ** piety under Okawaru
  4704 | D:6      | Reached skill level 5 in Crossbows
  4704 | D:6      | Reached skill level 5 in Armour
  5191 | D:6      | Reached skill level 4 in Fighting
  5191 | D:6      | Reached XP level 9. HP: 65/65 MP: 9/9
  5332 | D:7      | Found a hazy altar of Hepliaklqana.
  5369 | D:7      | Reached skill level 6 in Crossbows
  5376 | D:7      | Noticed Joseph
  5381 | D:7      | Killed Joseph
  5381 | D:7      | Reached *** piety under Okawaru
  5456 | D:7      | Found a staircase to the Ecumenical Temple.
  5502 | D:7      | Found a snail-covered altar of Cheibriados.
  5766 | D:8      | Found a sacrificial altar of Ru.
  5772 | D:8      | Reached skill level 7 in Crossbows
  5772 | D:8      | Reached skill level 6 in Armour
  5819 | D:8      | Found a burning altar of Makhleb.
  5847 | D:8      | Found a stormy altar of Qazlal.
  5849 | D:8      | Found a sparkling altar of Nemelex Xobeh.
  5857 | D:8      | Reached skill level 5 in Fighting
  5869 | D:8      | Found a radiant altar of Vehumet.
  5887 | D:8      | Noticed an unseen horror
  5892 | D:8      | Killed an unseen horror
  5926 | D:8      | Reached **** piety under Okawaru
  5929 | D:8      | Noticed Grum
  5940 | D:8      | Reached skill level 8 in Crossbows
  5988 | D:8      | Found a flagged portal.
  6002 | Bailey   | Entered a bailey
  6014 | Bailey   | Gained mutation: You have sharp fingernails. [demonic ancestry]
  6014 | Bailey   | Reached XP level 10. HP: 74/76 MP: 10/10
  6097 | Bailey   | Received a gift from Okawaru
  6097 | Bailey   | Reached skill level 6 in Fighting
  6122 | Bailey   | Noticed an orc knight
  6152 | Bailey   | Killed an orc knight
  6152 | Bailey   | Reached skill level 1 in Invocations
  6260 | Bailey   | Noticed an orc knight
  6270 | Bailey   | Noticed an orc warlord
  6301 | Bailey   | Annihilated by an orc warlord

Vault maps used:
D:1:      dpeg_arrival_rooms_c, serial_bayou_pond_b, grunt_decor_cap
D:2:      gammafunk_temple_overflow_wave, kennysheep_potato
D:3:      okawaru_metal_pillars_1_2, first_bread,
          chequers_ecumenical_altar_simple, grunt_ministairs_8, uniq_purgy
D:4:      portal_sewer_entry_d, kennysheep_decorative_pillar
D:5:      led_sif_pool, lemuel_crystal_altar, nicolae_overflow_hidden_temple,
          basic_altar, uniq_prince_ribbit1
D:7:      kennysheep_mini, slow_altar_2, minmay_temple_entry_statues,
          uniq_joseph
D:8:      lemuel_doored_altar, vehumet_crystals, overflow_temple_1_default,
          nicolae_ru_great_annihilating_truth, erik_lair_dragon, enter_bailey_1,
          hangedman_ranch, grunt_qazlal_clouds, uniq_grum
Sewer:    sewer_the_crocodile
Bailey:   bailey_axe_minmay_hex_keep, bailey

Skill      XL: |  1  2  3  4  5  6  7  8  9 10 |
---------------+-------------------------------+-----
Axes           | 2 3 5 6 |  6.9
Crossbows      | 3 5 8 |  8.5
Fighting       | 2 4 5 6 |  6.2
Armour         | 4 5 6 |  6.8
Invocations    | 1 |  1.3
Bows           | |  2.6
Throwing       | |  1.0
Evocations     | |  1.0

Action                   |  1- 3 |  4- 6 |  7- 9 | 10-12 || total
-------------------------+-------+-------+-------+-------++-------
Melee: Hand axe          |   140 |    55 |       |       ||   195
       War axe           |       |   143 |     4 |       ||   147
 Fire: Shortbow          |    41 |       |       |       ||    41
       Heavy crossbow    |       |     7 |   143 |    52 ||   202
Invok: Heroism           |       |       |       |     4 ||     4
  Use: Scroll            |       |     9 |     4 |     1 ||    14
       Potion            |       |     4 |     1 |       ||     5
 Stab: Sleeping          |       |     1 |       |       ||     1
  Eat: Chunk             |     1 |     5 |    11 |     1 ||    18
Armor: Ring mail         |    66 |    42 |       |       ||   108
       Troll leather arm |       |    55 |    35 |    13 ||   103
Dodge: Dodged            |    98 |   142 |    71 |    36 ||   347
Block: Other             |       |    20 |     5 |     2 ||    27
       Reflection        |       |       |     2 |       ||     2
